BSA
JERSEY SHORE D-BAGS @ CHICAGO MACHINE
04/15/2030
 
TOP OF THE 1ST
Jersey Shore D-Bags batting - Pitching for Chicago Machine : RHP Francisco Álvarez
Pitching: RHP Francisco Álvarez
Batting: LHB Ed Murray 0-0: Ball
1-0: Fly out, F8 (Line Drive, 8RM)
Batting: LHB Dave Dodd 0-0: Called Strike
0-1: Fly out, F8 (Line Drive, 8LD)
Batting: LHB Ray Bryant 0-0: Ball
1-0: SINGLE (Flyball, 89S)
Batting: RHB Miguel Serna 0-0: Ball
Ray Bryant is caught stealing 2nd base
Top of the 1st over - 0 runs, 1 hit, 0 errors, 0 left on base; Jersey Shore 0 - Chicago 0
BOTTOM OF THE 1ST
Chicago Machine batting - Pitching for Jersey Shore D-Bags : RHP Stephen Puckett
Pitching: RHP Stephen Puckett
Batting: RHB Nick Harris 0-0: Ball
1-0: Ball
2-0: Called Strike
2-1: SINGLE (Line Drive, 4MD)
Batting: LHB Ken Nelson 0-0: Ball
Nick Harris steals 2nd base
1-0: SINGLE (Flyball, 8LM)
Nick Harris to third
Runner from 3rd tries for Home, SAFE, no throw
Batting: LHB Bernardo Montés 0-0: Ball
1-0: Called Strike
1-1: Ball
2-1: Ball
3-1: DOUBLE (Flyball, 8RXD)
Ken Nelson to third
Runner from 3rd tries for Home, SAFE, no throw
Batting: SHB Clint Woods 0-0: Foul Ball, location: 2F
0-1: Ball
1-1: Swinging Strike
1-2: Strikes out swinging
Batting: LHB Edward Bennett 0-0: Called Strike
0-1: SINGLE (Flyball, 89S)
Bernardo Montés to third
Batting: RHB Roberto Tobías 0-0: Ball
1-0: Grounds into double play, 6-4-3 (Groundball, 6)
Bottom of the 1st over - 2 runs, 4 hits, 0 errors, 1 left on base; Jersey Shore 0 - Chicago 2
TOP OF THE 2ND
Jersey Shore D-Bags batting - Pitching for Chicago Machine : RHP Francisco Álvarez
Batting: RHB Miguel Serna 0-0: Ball
1-0: Ball
2-0: Swinging Strike
2-1: Ball
3-1: Called Strike
3-2: Strikes out swinging
Batting: LHB António Cedeño 0-0: Called Strike
0-1: Swinging Strike
0-2: Foul Ball, location: 2F
0-2: Ground out 4-3 (Groundball, 4)
Batting: RHB Ben Morton 0-0: Foul Ball, location: 2F
0-1: Foul Ball, location: 2F
0-2: Ball
1-2: Foul Ball, location: 2F
1-2: SINGLE (Groundball, 4MD)
Batting: RHB Francisco Sandoval 0-0: Ball
1-0: SINGLE (Line Drive, 9S)
Ben Morton to second
Batting: RHB Mike Ingram 0-0: Swinging Strike
0-1: Ball
1-1: Ball
2-1: Foul Ball, location: 2F
2-2: SINGLE (Line Drive, 6D)
Ben Morton to third
Francisco Sandoval to second
Runner from 3rd tries for Home, SAFE, no throw
Batting: RHB Tetsunori Ito 0-0: Called Strike
0-1: Swinging Strike
0-2: Ball
1-2: Foul Ball, location: 2F
1-2: Ball
2-2: Strikes out swinging
Top of the 2nd over - 1 run, 3 hits, 0 errors, 2 left on base; Jersey Shore 1 - Chicago 2
BOTTOM OF THE 2ND
Chicago Machine batting - Pitching for Jersey Shore D-Bags : RHP Stephen Puckett
Batting: RHB Tony Parker 0-0: Ball
1-0: Ball
2-0: Ball
3-0: Called Strike
3-1: Ground out 6-3 (Groundball, 6)
Batting: RHB Pablo Sandoval 0-0: Foul Ball, location: 2F
0-1: Ball
1-1: Ball
2-1: DOUBLE (Line Drive, 89M)
Batting: RHB Gonzalo Gil 0-0: Called Strike
0-1: Ball
1-1: Ball
2-1: Foul Ball, location: 2F
2-2: Foul Ball, location: 2F
2-2: Ball
3-2: Fly out, F8 (Flyball, 8RD)
Batting: RHB Nick Harris 0-0: Called Strike
0-1: Ball
1-1: Ball
2-1: Ball
3-1: Called Strike
3-2: Ground out 3-1 (Groundball, 34S)
Bottom of the 2nd over - 0 runs, 1 hit, 0 errors, 1 left on base; Jersey Shore 1 - Chicago 2
TOP OF THE 3RD
Jersey Shore D-Bags batting - Pitching for Chicago Machine : RHP Francisco Álvarez
Batting: LHB Ed Murray 0-0: Called Strike
0-1: Foul Ball, location: 2F
0-2: Ball
1-2: Foul Ball, location: 2F
1-2: Foul Ball, location: 2F
1-2: Ball
2-2: Ball
3-2: Base on Balls
Batting: LHB Dave Dodd 0-0: Called Strike
0-1: Ball
1-1: Foul Ball, location: 2F
1-2: Ball
2-2: DOUBLE (Line Drive, 78M)
Ed Murray to third
Runner from 3rd tries for Home, SAFE, no throw
Batting: LHB Ray Bryant 0-0: Called Strike
0-1: SINGLE (Line Drive, 3D)
Dave Dodd to third
Runner from 3rd tries for Home, SAFE, throw made home
Batting: RHB Miguel Serna 0-0: Foul Ball, location: 2F
0-1: Ball
1-1: Foul Ball, location: 2F
1-2: Foul Ball, location: 2F
1-2: Foul Ball, location: 2F
1-2: Foul Ball, location: 2F
1-2: Ball
2-2: SINGLE (Line Drive, 7S)
Ray Bryant to second
Batting: LHB António Cedeño 0-0: Called Strike
0-1: Fly out, F9 (Flyball, 9LM)
Batting: RHB Ben Morton 0-0: Ball
1-0: Fly out, F9 (Flyball, 9LSF)
Batting: RHB Francisco Sandoval 0-0: Called Strike
0-1: Called Strike
0-2: Ball
1-2: Strikes out looking
Top of the 3rd over - 2 runs, 3 hits, 0 errors, 2 left on base; Jersey Shore 3 - Chicago 2
BOTTOM OF THE 3RD
Chicago Machine batting - Pitching for Jersey Shore D-Bags : RHP Stephen Puckett
Batting: LHB Ken Nelson 0-0: Ball
1-0: Ground out 5-3 (Groundball, 56S)
Batting: LHB Bernardo Montés 0-0: Ball
1-0: Ball
2-0: Called Strike
2-1: Ball
3-1: Swinging Strike
3-2: Strikes out swinging
Batting: SHB Clint Woods 0-0: Ball
1-0: Ball
2-0: Fly out, F4 (Line Drive, 4)
Bottom of the 3rd over - 0 runs, 0 hits, 0 errors, 0 left on base; Jersey Shore 3 - Chicago 2
TOP OF THE 4TH
Jersey Shore D-Bags batting - Pitching for Chicago Machine : RHP Francisco Álvarez
Batting: RHB Mike Ingram 0-0: Called Strike
0-1: Ground out 5-3 (Groundball, 56S)
Batting: RHB Tetsunori Ito 0-0: Called Strike
0-1: Ball
1-1: Ball
2-1: DOUBLE (Line Drive, 9LM)
Batting: LHB Ed Murray 0-0: Called Strike
0-1: SINGLE (Groundball, 4M) (infield hit)
Tetsunori Ito to third
Batting: LHB Dave Dodd 0-0: Ball
1-0: Ball
2-0: Ball
3-0: Called Strike
3-1: Swinging Strike
3-2: Foul Ball, location: 2F
3-2: Base on Balls
Ed Murray to second
Batting: LHB Ray Bryant 0-0: Ball
1-0: Fielders Choice at 2nd, 6-4 (Groundball, 6)
Tetsunori Ito scores
Ed Murray to third
Batting: RHB Miguel Serna 0-0: Ball
1-0: Swinging Strike
1-1: Swinging Strike
1-2: Foul Ball, location: 2F
1-2: Foul Ball, location: 2F
1-2: Strikes out looking
Top of the 4th over - 1 run, 2 hits, 0 errors, 2 left on base; Jersey Shore 4 - Chicago 2
BOTTOM OF THE 4TH
Chicago Machine batting - Pitching for Jersey Shore D-Bags : RHP Stephen Puckett
Batting: LHB Edward Bennett 0-0: Foul Ball, location: 2F
0-1: Ground out U3 (Groundball, 34S)
Batting: RHB Roberto Tobías 0-0: SINGLE (Groundball, 56D)
Batting: RHB Tony Parker 0-0: Foul Ball, location: 2F
0-1: Called Strike
0-2: Strikes out swinging
Batting: RHB Pablo Sandoval 0-0: Fly out, F7 (Flyball, 78D)
Bottom of the 4th over - 0 runs, 1 hit, 0 errors, 1 left on base; Jersey Shore 4 - Chicago 2
TOP OF THE 5TH
Jersey Shore D-Bags batting - Pitching for Chicago Machine : RHP Francisco Álvarez
Batting: LHB António Cedeño 0-0: Ground out 3-1 (Groundball, 34)
Batting: RHB Ben Morton 0-0: Ball
1-0: Fly out, F9 (Flyball, 89D)
Batting: RHB Francisco Sandoval 0-0: Fly out, F8 (Flyball, 8RXD)
Top of the 5th over - 0 runs, 0 hits, 0 errors, 0 left on base; Jersey Shore 4 - Chicago 2
BOTTOM OF THE 5TH
Chicago Machine batting - Pitching for Jersey Shore D-Bags : RHP Stephen Puckett
Batting: RHB Gonzalo Gil 0-0: Ground out 5-3 (Groundball, 5)
Batting: RHB Nick Harris 0-0: Ball
1-0: Foul Ball, location: 2F
1-1: Ball
2-1: Ball
3-1: Called Strike
3-2: Foul Ball, location: 2F
3-2: SINGLE (Groundball, 6MD)
Batting: LHB Ken Nelson 0-0: Swinging Strike
0-1: Ball
1-1: Grounds into double play, 5-4-3 (Groundball, 56)
Bottom of the 5th over - 0 runs, 1 hit, 0 errors, 0 left on base; Jersey Shore 4 - Chicago 2
TOP OF THE 6TH
Jersey Shore D-Bags batting - Pitching for Chicago Machine : RHP Francisco Álvarez
Batting: RHB Mike Ingram 0-0: Ball
1-0: Ball
2-0: Ball
3-0: Base on Balls
Batting: RHB Tetsunori Ito 0-0: Fly out, F1 (Line Drive, 15S)
Lined into DP, 1-3 (Line Drive, 15S)
Batting: LHB Ed Murray 0-0: Foul Ball, location: 2F
0-1: Ball
1-1: Ball
2-1: Foul Ball, location: 2F
2-2: Foul Ball, location: 2F
2-2: Ball
3-2: Fly out, F9 (Flyball, 89D)
Top of the 6th over - 0 runs, 0 hits, 0 errors, 0 left on base; Jersey Shore 4 - Chicago 2
BOTTOM OF THE 6TH
Chicago Machine batting - Pitching for Jersey Shore D-Bags : RHP Stephen Puckett
Batting: LHB Bernardo Montés 0-0: Swinging Strike
0-1: Foul Ball, location: 2F
0-2: Ball
1-2: Foul Ball, location: 2F
1-2: Strikes out swinging
Batting: SHB Clint Woods 0-0: Ball
1-0: Ball
2-0: Ground out 5-3 (Groundball, 15)
Batting: LHB Edward Bennett 0-0: Ground out U3 (Groundball, 3)
Bottom of the 6th over - 0 runs, 0 hits, 0 errors, 0 left on base; Jersey Shore 4 - Chicago 2
TOP OF THE 7TH
Jersey Shore D-Bags batting - Pitching for Chicago Machine : RHP Francisco Álvarez
Pitching: RHP Horace Jacobs
Batting: LHB Dave Dodd 0-0: Called Strike
0-1: Ball
1-1: Swinging Strike
1-2: Ground out 6-3 (Groundball, 6)
Batting: LHB Ray Bryant 0-0: Ball
1-0: Swinging Strike
1-1: Foul Ball, location: 2F
1-2: Fly out, F7 (Flyball, 7)
Batting: RHB Miguel Serna 0-0: Ball
1-0: Foul Ball, location: 2F
1-1: Ball
2-1: DOUBLE (Line Drive, 89D)
Batting: LHB António Cedeño 0-0: Hit by Pitch
Batting: RHB Ben Morton 0-0: Ball
1-0: Ball
2-0: Ball
3-0: Fly out, F8 (Line Drive, 8LXD)
Top of the 7th over - 0 runs, 1 hit, 0 errors, 2 left on base; Jersey Shore 4 - Chicago 2
BOTTOM OF THE 7TH
Chicago Machine batting - Pitching for Jersey Shore D-Bags : RHP Stephen Puckett
Batting: RHB Roberto Tobías 0-0: Called Strike
0-1: Foul Ball, location: 2F
0-2: Ground out U3 (Groundball, 3)
Batting: RHB Tony Parker 0-0: Ball
1-0: Foul Ball, location: 2F
1-1: Ground out 6-3 (Groundball, 6)
Batting: RHB Pablo Sandoval 0-0: Called Strike
0-1: Swinging Strike
0-2: Foul Ball, location: 2F
0-2: Ball
1-2: Ball
2-2: Strikes out swinging
Bottom of the 7th over - 0 runs, 0 hits, 0 errors, 0 left on base; Jersey Shore 4 - Chicago 2
TOP OF THE 8TH
Jersey Shore D-Bags batting - Pitching for Chicago Machine : RHP Horace Jacobs
Batting: RHB Francisco Sandoval 0-0: Ball
1-0: Foul Ball, location: 2F
1-1: Ground out U3 (Groundball, 3)
Batting: RHB Mike Ingram 0-0: Ball
1-0: Fly out, F9 (Flyball, 89M)
Batting: RHB Tetsunori Ito 0-0: Called Strike
0-1: Ground out 4-3 (Groundball, 4)
Top of the 8th over - 0 runs, 0 hits, 0 errors, 0 left on base; Jersey Shore 4 - Chicago 2
BOTTOM OF THE 8TH
Chicago Machine batting - Pitching for Jersey Shore D-Bags : RHP Stephen Puckett
Now at 2B: José Pinto
Batting: RHB Gonzalo Gil 0-0: Foul Ball, location: 2F
0-1: Hit by Pitch
Batting: RHB Nick Harris 0-0: Called Strike
0-1: Foul Ball, location: 2F
0-2: Ball
1-2: Fly out, F8 (Flyball, 8LD)
Batting: LHB Ken Nelson 0-0: Called Strike
0-1: DOUBLE (Line Drive, 8RXD)
Gonzalo Gil to third
Runner from 3rd tries for Home, SAFE, no throw
Batting: LHB Bernardo Montés 0-0: Called Strike
0-1: Ball
1-1: Foul Ball, location: 2F
1-2: Ball
2-2: Foul Ball, location: 2F
2-2: Foul Ball, location: 2F
2-2: Fly out, F7 (Flyball, 7)
Batting: SHB Clint Woods 0-0: Ball
1-0: Foul Ball, location: 2F
1-1: Ball
2-1: Ball
3-1: Foul Ball, location: 2F
3-2: Ground out U3 (Groundball, 3)
Bottom of the 8th over - 1 run, 1 hit, 0 errors, 1 left on base; Jersey Shore 4 - Chicago 3
TOP OF THE 9TH
Jersey Shore D-Bags batting - Pitching for Chicago Machine : RHP Horace Jacobs
Pitching: RHP Juan Rodríguez
Batting: LHB Ed Murray 0-0: Swinging Strike
0-1: Ball
1-1: Ball
2-1: Swinging Strike
2-2: Strikes out swinging
Batting: LHB Dave Dodd 0-0: Ball
1-0: Ball
2-0: Foul Ball, location: 2F
2-1: Ball
3-1: Foul Ball, location: 2F
3-2: Foul Ball, location: 2F
3-2: Strikes out looking
Batting: LHB Ray Bryant 0-0: Foul Ball, location: 2F
0-1: Called Strike
0-2: Strikes out swinging
Top of the 9th over - 0 runs, 0 hits, 0 errors, 0 left on base; Jersey Shore 4 - Chicago 3
BOTTOM OF THE 9TH
Chicago Machine batting - Pitching for Jersey Shore D-Bags : RHP Stephen Puckett
Pitching: RHP John Hall
Now at 1B: Augusto Baca
Batting: LHB Edward Bennett 0-0: Called Strike
0-1: Ball
1-1: Fly out, F9 (Flyball, 9D)
Pinch Hitting: RHB Doug Stephens 0-0: Called Strike
0-1: SINGLE (Groundball, 4MD)
Batting: RHB Tony Parker 0-0: Fly out, F8 (Flyball, 8RD)
Batting: RHB Pablo Sandoval 0-0: Ball
1-0: SINGLE (Line Drive, 78M)
Doug Stephens to second
Batting: RHB Gonzalo Gil 0-0: Called Strike
0-1: Foul Ball, location: 2F
0-2: Ball
Wild Pitch!
Doug Stephens to third
Pablo Sandoval to second
1-2: Hit by Pitch
Batting: RHB Nick Harris 0-0: Swinging Strike
0-1: Ball
1-1: Ball
2-1: SINGLE (Line Drive, 8LS)
Doug Stephens scores
Pablo Sandoval to third
Gonzalo Gil to second
Runner from 3rd tries for Home, SAFE, no throw
Saturday, April 7th, 2018 - OOTP Baseball 18.8 Build 76